 Dungeon Crawl Stone Soup version 0.25-a0-290-g4a1327ee3a (webtiles) character file.

Game seed: 11865920564050141608, levelgen mode: deterministic

12974 floatRand the Unseen (level 11, 0/53 HPs)
             Began as a Spriggan Berserker on Dec 14, 2019.
             Was a High Priest of Trog.
             Slain by a troll (1 damage)
             ... while petrified by a basilisk
             ... on level 11 of the Dungeon.
             The game lasted 00:18:57 (12118 turns).

floatRand the Unseen (Spriggan Berserker)          Turns: 12118, Time: 00:18:58

Health: 0/53       AC:  4    Str: 28    XL:     11   Next: 69%
Magic:  12/12      EV:  4    Int:  7    God:    Trog [*****.]
Gold:   782        SH:  0    Dex: 19    Spells: 10/10 levels left

rFire    . . .     SeeInvis +   y - +10 long sword of Tixzu {freeze, rF+ Str+4 Int-5}
rCold    . . .     Gourm    .   B - +1 buckler {rN+}
rNeg     + + +     Faith    .   x - +0 troll leather armour
rPois    ∞         Spirit   .   (helmet restricted)
rElec    .         Reflect  +   H - scarf {repulsion}
rCorr    .         Harm     .   (gloves unavailable)
MR       +....                  (boots unavailable)
Stlth    +++++++...             C - +3 amulet of reflection
HPRegen  0.57/turn              E - ring "Joabimull" {+Fly rF- Str+6 Int+3}
MPRegen  0.13/turn              a - +5 ring of strength

@: petrified, studying Stealth, repel missiles, very quick
A: very small, unfitting armour, see invisible, herbivore, speed 3, slow
metabolism 2
a: Berserk, Trog's Hand, Brothers in Arms, Renounce Religion, Evoke Flight


You were on level 11 of the Dungeon.
You worshipped Trog.
Trog was extremely pleased with you.
You were very hungry.

You visited 1 branch of the dungeon, and saw 11 of its levels.

You collected 782 gold pieces.

Inventory:

Hand Weapons
 f - a +2 spear of venom
 r - a +0 antimagic dagger
 t - a +2 dagger of electrocution
 u - a +2 dagger of venom
 y - the +10 long sword of Tixzu (weapon) {freeze, rF+ Str+4 Int-5}
   (You found it on level 5 of the Dungeon)

   It has been specially enchanted to freeze those struck by it, causing extra
   injury to most foes and up to half again as much damage against particularly
   susceptible opponents.
   It can also slow down cold-blooded creatures.
   It affects your strength (+4).
   It affects your intelligence (-5).
   It protects you from fire.
 F - the +9 dagger of the Traitor {vamp, Int+3}
   (You found it on level 8 of the Dungeon)

   It inflicts no extra harm, but heals its wielder when it wounds a living foe.
   It affects your intelligence (+3).
Missiles
 J - 16 poisoned darts (quivered)
 K - 2 curare-tipped darts
Armour
 b - a +1 animal skin
 x - a +0 troll leather armour (worn)
 B - a +1 buckler of positive energy (worn)
 H - a scarf of repulsion (worn)
Jewellery
 a - a +5 ring of strength (right hand)
 q - an uncursed ring of flight
 C - a +3 amulet of reflection (around neck)
 D - an uncursed ring of ice
 E - the ring "Joabimull" (left hand) {+Fly rF- Str+6 Int+3}
   (You found it on level 7 of the Dungeon)

   [ring of flight]

   It affects your strength (+6).
   It affects your intelligence (+3).
   It makes you vulnerable to fire.
   It lets you fly.
Wands
 I - a wand of digging (4)
Scrolls
 n - 11 scrolls of teleportation
 o - 2 scrolls of immolation
 p - 2 scrolls of enchant armour
 s - 6 scrolls of remove curse
 G - a scroll of fear
 L - a scroll of blinking
Potions
 d - 2 potions of cancellation
 e - 4 potions of invisibility
 g - 3 potions of brilliance {unknown}
 h - 6 potions of might {unknown}
 i - 10 potions of curing {unknown}
 j - 3 potions of degeneration {unknown}
 k - 2 potions of flight {unknown}
 l - 5 potions of heal wounds {unknown}
 m - 2 potions of haste {unknown}
 v - 2 potions of lignification
 w - 3 potions of mutation {unknown}
 z - 2 potions of resistance
Books
 A - a manual of Stealth
Comestibles
 c - 13 rations


   Skills:
 - Level 4.2 Fighting
 + Level 10.9 Short Blades
 * Level 3.2 Armour
 + Level 11.3 Dodging
 + Level 19.6 Stealth
 * Level 5.2 Shields


You had 10 spell levels left.
You didn't know any spells.
Your spell library was empty.

Dungeon Overview and Level Annotations

Branches:
Dungeon (11/15)            Temple (0/1) D:7            Lair (0/6) D:8
    Orc (0/2) D:10

Altars:
Dithmenos
Hepliaklqana
Makhleb
Okawaru
Qazlal
Ru
Sif Muna
Trog
Uskayaw
Vehumet
Xom
Yredelemnul
Zin

Shops:
D:10 %(

Annotations:
D:4 Natasha
D:11 Grum


Innate Abilities, Weirdness & Mutations

You are very small and have problems with some larger weapons.
You are too small for most types of armour.
You have supernaturally acute eyesight. (SInv)
You are a herbivore.
You cover ground extremely quickly.
You need to consume almost no food.


Message History

The killer bee stings you but does no damage.
The killer bee barely misses you. The troll bites you! The troll claws you!
The troll claws you. The killer bee stings you.
The killer bee barely misses you. The troll barely misses you.
The troll claws you. The troll claws you! The killer bee stings you!
The killer bee stings you but does no damage.
The troll bites you. The troll claws you!
* * * LOW HITPOINT WARNING * * *
The troll claws you!
* * * LOW HITPOINT WARNING * * *
The killer bee stings you.
* * * LOW HITPOINT WARNING * * *
The killer bee stings you but does no damage.
The troll bites you.
* * * LOW HITPOINT WARNING * * *
The troll claws you!
* * * LOW HITPOINT WARNING * * *
The troll claws you.
You die...

....##.................###
..............)<..#.........
.......##.>.................
....#...................###.
....##......##..........#
............###.........g.
........###.##..l..#.......
.......#....##.Ty####......
.......#..######@### .....
#......#..# ####[..#......
#.........###.............
....###........#.##.......
....# #.......######.##.
#...###........##.....#
##......###.....#......#
##..#.............# ..
#...#.............##


You could see a troll, a basilisk and a killer bee.

Vanquished Creatures
  3 two-headed ogres
  2 unseen horrors (D:11)
  A centaur zombie (D:10)
  2 gargoyles
  A troll (D:9)
  Prince Ribbit (D:5)
  3 hippogriffs
  2 vampires
  8 spriggans (D:8)
  4 fire bats (D:9)
  A wyvern (D:10)
  5 yaks (D:10)
  2 hungry ghosts (D:11)
  2 water moccasins
  7 sky beasts
  3 ice beasts
  7 orc warriors
  2 phantoms
  A necrophage (D:5)
  2 wolves
  5 ogres
  2 big kobolds
  Blork the orc (D:4)
  6 bullfrogs
  A wyvern zombie (D:9)
  2 scorpions
  A water moccasin skeleton (D:6)
  6 wights
  3 howler monkeys
  3 crimson imps
  2 hounds
  A quasit (D:6)
  4 jellies
  6 orc priests
  2 bullfrog zombies
  2 centaur skeletons
  5 iguanas
  9 orc wizards
  Natasha (D:4)
  A howler monkey zombie (D:6)
  A howler monkey skeleton (D:4)
  2 worker ant zombies
  5 adders
  3 shadow imps
  6 oozes
  3 adder skeletons
  An adder zombie (D:10)
  3 worms
  2 dart slugs
  5 leopard geckos
  39 orcs
  5 giant cockroaches
  3 goblins
  8 hobgoblins
  11 jackals
  5 quokkas
  2 bats
  5 frilled lizards
  A jackal skeleton (D:5)
  13 kobolds
  A quokka skeleton (D:9)
  10 rats
256 creatures vanquished.

Vanquished Creatures (others)
  A hound skeleton (D:7)
  2 orcs (D:7)
  A kobold (D:8)
4 creatures vanquished.

Grand Total: 260 creatures vanquished

Notes
Turn   | Place    | Note
-------+----------+-------------------------------------------
     0 | D:1      | floatRand the Spriggan Berserker began the quest for the
                  | Orb.
     0 | D:1      | Reached XP level 1. HP: 11/11 MP: 2/2
   116 | D:1      | Reached skill level 1 in Stealth
   818 | D:1      | Reached skill level 2 in Stealth
   820 | D:1      | Reached XP level 2. HP: 13/16 MP: 3/3
   973 | D:1      | Reached skill level 3 in Stealth
  1481 | D:2      | Noticed a +0 hand axe
  1482 | D:2      | Noticed a +0 dagger
  1484 | D:2      | Found a hide-covered altar of Uskayaw.
  1510 | D:2      | Reached XP level 3. HP: 17/19 MP: 4/4
  1675 | D:2      | Reached ** piety under Trog
  1675 | D:2      | Reached skill level 4 in Stealth
  1759 | D:2      | Found a sacrificial altar of Ru.
  1765 | D:2      | Found a stormy altar of Qazlal.
  2237 | D:3      | Found a shimmering blue altar of Sif Muna.
  2328 | D:3      | Found a faded altar of an unknown god.
  2369 | D:3      | Reached skill level 5 in Stealth
  2369 | D:3      | Reached XP level 4. HP: 23/23 MP: 5/5
  2838 | D:3      | Reached skill level 6 in Stealth
  2878 | D:3      | Reached XP level 5. HP: 27/27 MP: 6/6
  2909 | D:4      | Noticed Natasha
  2916 | D:4      | Killed Natasha
  2934 | D:4      | Noticed Blork the orc
  2958 | D:4      | Killed Blork the orc
  2958 | D:4      | Reached skill level 7 in Stealth
  3109 | D:4      | Noticed an ogre
  3129 | D:4      | Killed an ogre
  3129 | D:4      | Reached skill level 5 in Short Blades
  3129 | D:4      | Reached skill level 8 in Stealth
  3129 | D:4      | Reached XP level 6. HP: 4/32 MP: 7/7
  3548 | D:4      | Noticed a hippogriff
  3550 | D:4      | Noticed Natasha
  3599 | D:4      | Killed a hippogriff
  3599 | D:4      | Reached skill level 9 in Stealth
  3612 | D:4      | Found a basalt altar of Yredelemnul.
  3624 | D:4      | Reached *** piety under Trog
  3633 | D:4      | You fall into a shaft and drop 2 floors!
  3633 | D:6      | Noticed an orc warrior
  3678 | D:5      | Entered Level 5 of the Dungeon
  3753 | D:4      | Found a burning altar of Makhleb.
  3789 | D:5      | Noticed Prince Ribbit
  3821 | D:5      | Reached XP level 7. HP: 29/35 MP: 8/8
  3826 | D:5      | Got a jewelled long sword
  3826 | D:5      | Killed Prince Ribbit
  3826 | D:5      | Reached skill level 10 in Stealth
  3856 | D:5      | Identified the +10 long sword of Tixzu {freeze, rF+ Str+4
                  | Int-5} (You found it on level 5 of the Dungeon)
  4404 | D:4      | Reached skill level 11 in Stealth
  5182 | D:5      | Found a hazy altar of Hepliaklqana.
  5187 | D:5      | Reached skill level 12 in Stealth
  5187 | D:5      | Reached XP level 8. HP: 39/39 MP: 9/9
  5246 | D:6      | Found a shadowy altar of Dithmenos.
  5268 | D:6      | Reached skill level 13 in Stealth
  5312 | D:6      | Reached **** piety under Trog
  5474 | D:6      | Reached skill level 14 in Stealth
  5599 | D:6      | Found a shimmering altar of Xom.
  5896 | D:6      | Found an iron altar of Okawaru.
  6362 | D:7      | Reached skill level 5 in Dodging
  6613 | D:7      | Got a translucent steel ring
  6618 | D:7      | Identified the ring "Joabimull" {+Fly rF- Str+6 Int+3} (You
                  | found it on level 7 of the Dungeon)
  6727 | D:7      | Found a staircase to the Ecumenical Temple.
  6908 | D:7      | Found a radiant altar of Vehumet.
  6961 | D:7      | Reached skill level 15 in Stealth
  6984 | D:7      | Reached XP level 9. HP: 27/44 MP: 10/10
  8176 | D:8      | Reached skill level 16 in Stealth
  8569 | D:8      | Reached skill level 1 in Shields
  8614 | D:8      | Noticed a two-headed ogre
  8643 | D:8      | HP: 2/45 [two-headed ogre/+0 dire flail (17)]
  8771 | D:8      | Killed a two-headed ogre
  8771 | D:8      | Reached skill level 17 in Stealth
  8771 | D:8      | Reached XP level 10. HP: 19/50 MP: 11/11
  9121 | D:8      | Found a staircase to the Lair.
  9131 | D:8      | Got a polished dagger
  9138 | D:8      | Identified the +9 dagger of the Traitor {vamp, Int+3} (You
                  | found it on level 8 of the Dungeon)
  9402 | D:8      | Reached ***** piety under Trog
  9402 | D:8      | Received a gift from Trog
  9612 | D:9      | Noticed a two-headed ogre
  9617 | D:9      | Killed a two-headed ogre
  9617 | D:9      | Reached skill level 18 in Stealth
  9688 | D:9      | Noticed a two-headed ogre
  9691 | D:9      | Killed a two-headed ogre
  9691 | D:9      | Reached skill level 10 in Short Blades
  9691 | D:9      | Reached skill level 10 in Dodging
  9849 | D:9      | Found a bloodstained altar of Trog.
 10549 | D:9      | Found a glowing silver altar of Zin.
 10681 | D:9      | Reached XP level 11. HP: 45/53 MP: 12/12
 10728 | D:9      | Reached skill level 1 in Armour
 10811 | D:10     | Entered Level 10 of the Dungeon
 10900 | D:10     | Reached skill level 19 in Stealth
 11234 | D:10     | Found Ifaq's Food Boutique.
 11296 | D:10     | Received a gift from Trog
 11369 | D:10     | Found Iwussutuna's Weapon Emporium.
 11370 | D:10     | Found a staircase to the Orcish Mines.
 11677 | D:11     | Noticed an unseen horror
 11796 | D:11     | Noticed Grum
 11798 | D:11     | Killed an unseen horror
 11833 | D:11     | Noticed an unseen horror
 11834 | D:11     | Reached skill level 5 in Shields
 11988 | D:11     | Killed an unseen horror
 12118 | D:11     | HP: 1/53 [troll (3)]
 12118 | D:11     | Slain by a troll

Levels and vault maps discovered:
D:1:      shiori_arrival_maze, layout_basic
D:2:      layout_basic, dancing_weapons_uskayaw, overflow_temple_1_default,
          nicolae_qazlal_general_emergency, first_ration
D:3:      layout_loops_ring, lemuel_doored_altar,
          chequers_ecumenical_altar_simple, kennysheep_another_room
D:4:      layout_loops_ring, yredelemnul_altar_generic,
          nicolae_overflow_hidden_temple, minmay_manual_maat, uniq_natasha,
          uniq_blork_the_orc
D:5:      layout_basic, marbit_many_paths, uniq_prince_ribbit1
D:6:      layout_basic, kennysheep_little_box, overflow_temple_1_default,
          okawaru_ov_weapons_minmay
D:7:      layout_basic, fiery_altar_vehumet, minmay_temple_entry_junction
D:8:      kb_forest_paths, layout_basic, lair_entry_dummy,
          hangedman_little_slice_of_home
D:9:      layout_loops_ring, nicolae_overflow_crystal_walls, zin_scriptorium,
          hangedman_incinerator
D:10:     layout_roguey, orc_david_3, serial_shops, shop
D:11:     layout_cave_pools, uniq_grum

Skill      XL: |  1  2  3  4  5  6  7  8  9 10 11 |
---------------+----------------------------------+-----
Stealth        | 2 3 5 6 8 9 12 15 17 18 19 | 19.6
Short Blades   | 4 5 6 7 9 10 | 10.9
Dodging        | 5 8 10 11 | 11.3
Fighting       | 3 4 |  4.2
Shields        | 2 3 5 |  5.2
Armour         | 3 |  3.2

Action                   |  1- 3 |  4- 6 |  7- 9 | 10-12 || total
-------------------------+-------+-------+-------+-------++-------
Melee: Short sword       |    26 |       |       |       ||    26
       Spear             |    72 |   101 |    95 |    21 ||   289
       Long sword        |       |       |    85 |   234 ||   319
       Dagger            |       |       |   121 |    18 ||   139
  Use: Scroll            |     4 |       |    14 |     2 ||    20
 Stab: Sleeping          |    10 |     7 |    15 |    23 ||    55
       Distracted        |       |       |     3 |     1 ||     4
  Eat: Ration            |       |       |     2 |     3 ||     5
Armor: Animal skin       |     2 |     6 |    10 |       ||    18
       Troll leather arm |       |       |       |    16 ||    16
Dodge: Dodged            |    45 |    60 |   168 |   204 ||   477
       Deflected         |       |       |       |     1 ||     1
Block: Other             |       |       |     9 |       ||     9
       Buckler           |       |       |    11 |   128 ||   139
       Reflection        |       |       |       |     8 ||     8
       Rpst.: Long sword |       |       |    21 |    43 ||    64

Table legend:
 A = Non-vault XP
 B = Vault XP
 C = Vault XP percentage of total XP
 D = Non-vault monster count
 E = Vault monster count
 F = Vault count percentage of total count
                 A         B        C        D         E       F
            +---------+---------+-------+---------+---------+-------
      Total |   13216 |    5319 |  28.7 |     211 |      46 |  17.9
            +---------+---------+-------+---------+---------+-------
        D:1 |      28 |       3 |   9.7 |      15 |       2 |  11.8
        D:2 |      36 |       0 |   0.0 |      12 |       0 |   0.0
        D:3 |     129 |       0 |   0.0 |      18 |       0 |   0.0
        D:4 |     222 |     427 |  65.8 |      22 |       7 |  24.1
        D:5 |     302 |     314 |  51.0 |      12 |       2 |  14.3
        D:6 |     794 |       0 |   0.0 |      24 |       0 |   0.0
        D:7 |     893 |       0 |   0.0 |      22 |       0 |   0.0
        D:8 |    1206 |    3139 |  72.2 |      22 |      24 |  52.2
        D:9 |    3359 |     799 |  19.2 |      20 |       4 |  16.7
       D:10 |    3665 |     521 |  12.4 |      34 |       6 |  15.0
       D:11 |    2582 |     116 |   4.3 |      10 |       1 |   9.1
            +---------+---------+-------+---------+---------+-------
